 Dungeon Crawl Stone Soup version 0.23-a0-625-g1d2cd9b (webtiles) character file.

16 Leeroy the Slasher (level 2, 0/23 HPs)
             Began as a Barachi Skald on Dec 25, 2018.
             Slain by a goblin (2 damage)
             ... on level 2 of the Dungeon.
             The game lasted 00:02:47 (638 turns).

Leeroy the Slasher (Barachi Skald)                   Turns: 638, Time: 00:02:48

Health: 0/23       AC:  4    Str: 12    XL:     2   Next: 58%
Magic:  5/5        EV: 17    Int: 13    God:
Gold:   65         SH:  0    Dex: 16    Spells: 2/5 levels left

rFire    . . .     SeeInvis .   a - +0 falchion
rCold    . . .     Gourm    .   (no shield)
rNeg     . . .     Faith    .   b - +0 leather armour
rPois    .         Spirit   .   (no helmet)
rElec    .         Reflect  .   (no cloak)
rCorr    .         Harm     .   r - +0 pair of gloves
MR       .....                  (no boots)
Stlth    +.........             (no amulet)
HPRegen  0.07/turn              (no ring)
MPRegen  0.09/turn              (no ring)

@: agile, can't hop, contaminated, glowing, slow
A: +LOS, swims, slowness 1, strong legs 1
a: Hop


You were on level 2 of the Dungeon.
You were not hungry.

You visited 1 branch of the dungeon, and saw 2 of its levels.

You collected 65 gold pieces.

Inventory:

Hand Weapons
 a - a +0 falchion (weapon)
 c - a +0 spear
 n - a +0 mace
 p - a +0 dagger
 s - a +0 hand axe of distortion
Missiles
 f - 24 poisoned needles
 k - 3 tomahawks (quivered)
 m - 38 arrows
Armour
 b - a +0 leather armour (worn)
 l - a +0 ring mail
 r - a +0 pair of gloves (worn)
Scrolls
 e - 2 scrolls of fear
 g - a scroll of identify {unknown}
 i - a scroll of remove curse
 j - a scroll of teleportation
Potions
 h - 2 potions of agility
 o - a potion of brilliance {unknown}
 t - a potion of invisibility {unknown}
Comestibles
 d - 3 rations
 q - 6 chunks of flesh


   Skills:
 - Level 2.4 Fighting
 * Level 3.6 Long Blades
 * Level 0.1 Axes
 + Level 1.3 Armour
 - Level 2.1 Dodging
 - Level 2.1 Spellcasting
 + Level 3.3 Charms


You had 2 spell levels left.
You knew the following spells:

 Your Spells              Type           Power        Failure   Level  Hunger
a - Infusion              Chrm           ##..         9%          1    ##.....
b - Shroud of Golubria    Chrm/Tloc      #.........   24%         2    ###....

Your spell library contained the following spells:

 Spells                   Type           Power        Failure   Level  Hunger
 Song of Slaying          Chrm           ##......     12%         2    ###....
 Regeneration             Chrm/Necr      #.........   43%         3    ####...
 Spectral Weapon          Hex/Chrm       #.......     43%         3    ####...


Dungeon Overview and Level Annotations

Branches:
Dungeon (2/15)

Altars:


Innate Abilities, Weirdness & Mutations

Shadows flee at your approach. (+LOS)
You can swim through water.
You cover ground slowly.
You can hop short distances.


Message History

* * * LOW HITPOINT WARNING * * *
x2
Things that are here:
a chunk of flesh; a frilled lizard skeleton A gnoll comes into view.
Hop to where?
Press: ? - help, Dir - move target cursor Boing!
A goblin comes into view.
The goblin shouts!
An ooze and a giant cockroach come into view.
The ooze quivers.
The goblin hits you but does no damage. The goblin hits you but does no damage.
The goblin hits you.
* * * LOW HITPOINT WARNING * * *
It was a potion of agility.
You feel agile all of a sudden. The goblin hits you but does no damage.
The goblin hits you.
You die...

#.....# ##....###.. ..#
#.....###...##.#.# #.#
#.)...##.....##.#####.#
#.)...................#####
###.#..#.....##..........g.
#.#..##...#########.#####
#.#..###.#####...........
#.#...)........####.#####
#.##.###@####### #g# #....#
#g# #g####. ##### #s#
#..J.J. #.##########.#####
#.g.sgJgg...g#
##############


You could see a gnoll, a giant cockroach and a goblin.

Vanquished Creatures
  A leopard gecko (D:1)
  A ball python (D:2)
  3 hobgoblins
  2 jackals (D:1)
  6 frilled lizards
  A kobold (D:1)
  2 rats (D:1)
16 creatures vanquished.

Notes
Turn   | Place    | Note
-------+----------+-------------------------------------------
     0 | D:1      | Leeroy the Barachi Skald began the quest for the Orb.
     0 | D:1      | Reached XP level 1. HP: 17/17 MP: 3/3
   158 | D:1      | Reached XP level 2. HP: 23/23 MP: 5/5
   537 | D:2      | Learned a level 2 spell: Shroud of Golubria
   608 | D:2      | HP: 1/23 [gnoll/+1 halberd of chopping (3)]
   633 | D:2      | HP: 1/23 [goblin (2)]
   638 | D:2      | Slain by a goblin

Vault maps used:
D:1:      minmay_arrival_wavy_path
D:2:      nicolae_overflow_crystal_walls, minmay_lizard_pond, uniq_robin

Skill      XL: |  1 |
---------------+----+-----
Long Blades    | 3 |  3.6
Fighting       | |  2.4
Axes           | |  0.1
Armour         | |  1.3
Dodging        | |  2.1
Spellcasting   | |  2.1
Charms         | |  3.3

Action                   || total
-------------------------++-------
Melee: Falchion          ||    25
       Hand axe          ||    16
 Abil: Hop               ||     1
  Use: Scroll            ||     3
       Potion            ||     1
Armor: Leather armour    ||     9
Dodge: Dodged            ||    36
       Rpst.: Falchion   ||     9

Table legend:
 A = Non-vault XP
 B = Vault XP
 C = Vault XP percentage of total XP
 D = Non-vault monster count
 E = Vault monster count
 F = Vault count percentage of total count
                 A         B        C        D         E       F
            +---------+---------+-------+---------+---------+-------
      Total |      19 |       5 |  20.8 |      11 |       5 |  31.2
            +---------+---------+-------+---------+---------+-------
        D:1 |      15 |       0 |   0.0 |       9 |       0 |   0.0
        D:2 |       4 |       5 |  55.6 |       2 |       5 |  71.4
            +---------+---------+-------+---------+---------+-------
